[Event "Slovakia Open 2022"]
[Site "Bratislava"]
[Date "2022.10.02"]
[Round "9.25"]
[White "Csontos, Aron"]
[Black "Mikulas, Dusan"]
[Result "1/2-1/2"]
[ECO "B06"]
[WhiteElo "1962"]
[BlackElo "2047"]
[Annotator "TA"]
[PlyCount "100"]
[EventDate "2022.09.30"]
[EventCountry "SVK"]
[SourceTitle "playchess.com"]
[Source "ChessBase"]
[SourceQuality "1"]
[TimeControl "2700+10"]

1. e3 c5 2. e4 d5 3. c3 Qd6 4. exd5 Qxd5 5. d4 g6 6. Nf3 Bg7 7. Be3 cxd4 8. cxd4 Nc6 {[%emt 0:00:44] 8...Nh6 is the modern continuation. B06: Modern Defence.} (8... Qa5+ $11 9. Nc3 Nh6) 9. Nc3 $14 Qd8 10. d5 Ne5 11. Nxe5 Bxe5 {[%emt 0:00:02] [#]} 12. Bd4 $146 ({Predecessor:} 12. Bc4 Nf6 13. O-O O-O 14. h3 Bb8 15. f4 b6 16. Qe1 Bb7 17. Rd1 Ne8 18. Bd4 a6 19. Bd3 {½-½ (41) Koroljova,V (2120)-Zvereva,M (2254) St Petersburg 2000}) 12... Bxd4 13. Qxd4 Nf6 14. Be2 O-O 15. O-O a6 16. Bf3 Qd6 17. Na4 Bf5 18. Rac1 Rad8 19. Nb6 (19. Nc5 $11 Rb8 20. h3) 19... e5 $1 $17 20. Qc5 e4 21. Be2 Qxc5 22. Rxc5 Rd6 $1 23. Nc4 Rxd5 24. Rxd5 Nxd5 25. Rd1 Nf4 26. Bf1 Be6 27. g3 Nh3+ 28. Kg2 b5 (28... Ng5 $17 29. h4 Bh3+ 30. Kh1 Bxf1 31. Rxf1 Nf3) 29. Ne3 $15 {[%emt 0:00:31] Inhibits Bg4.} Ng5 30. h4 Bh3+ 31. Kh2 Bxf1 32. hxg5 {[%emt 0:00:15][%mdl 4096] Endgame KRB-KRN} Bd3 33. Nd5 (33. g4 $15) 33... Kg7 $17 34. Kg2 (34. Ne3 $142) 34... Rc8 (34... Be2 $142 $1 35. Rc1 Re8) 35. Nf4 Rc5 36. Nxd3 $15 {[%emt 0:00:35] KRN-KR} Rd5 (36... exd3 $15 37. Rxd3 a5) 37. Kf1 $2 exd3 $19 {[%emt 0:00:40] KR-KR} ({Worse is} 37... Rxd3 38. Rxd3 exd3 39. Ke1 $15) 38. Ke1 f6 ({Stronger than} 38... Rxg5 39. Rxd3 h5 40. Kd2 $17) 39. gxf6+ Kxf6 {[%emt 0:00:11] aiming for ...Ke5.} 40. Kd2 Kf5 ({Better is} 40... Re5 {Hoping for ...Re2+.} 41. Kxd3 Rd5+ 42. Ke2 Rxd1 43. Kxd1 Ke5) 41. f3 ({White should play} 41. Rh1) 41... h5 42. Re1 Re5 {[%emt 0:00:27] Against Re8} (42... g5 $142 {...g4 is the strong threat.} 43. Rh1 Kg6) 43. Rc1 $17 Re2+ $1 44. Kxd3 Rxb2 45. Rc5+ {[%emt 0:00:02] [#]} Kf6 $1 46. Rc6+ {[%emt 0:00:02] [#]} Kg5 (46... Kg7 $1 $17 47. Rxa6 Rg2 48. Ra7+ Kh6) 47. Rxa6 $11 {[%emt 0:00:20] The position is equal.} Rg2 48. Ra5 Rxg3 49. Ke3 h4 50. Rxb5+ Kf6 {[%emt 0:01:15] Weighted Error Value: White=0.22 (precise) /Black=0.16 (very precise)} 1/2-1/2

[Event "Slovakia Open 2022"]
[Site "Bratislava"]
[Date "2022.10.02"]
[Round "9.26"]
[White "Prochazka, Peter"]
[Black "Melih, Mario"]
[Result "1-0"]
[ECO "B10"]
[WhiteElo "1792"]
[BlackElo "1633"]
[Annotator "NA COMBH"]
[PlyCount "63"]
[EventDate "2022.09.30"]
[EventCountry "SVK"]
[SourceTitle "playchess.com"]
[Source "ChessBase"]
[SourceQuality "1"]
[TimeControl "2700+10"]

1. d3 d5 2. Nd2 e5 3. e4 c6 4. c3 Nf6 5. Be2 Be7 6. Ngf3 Qc7 7. O-O Be6 8. Ng5 Qd6 9. Nxe6 Qxe6 10. Qb3 Nbd7 11. Qxb7 O-O 12. Qb3 a5 13. a4 Rfb8 14. Qc2 Nc5 15. Bd1 Rb7 16. Rb1 Rab8 17. b4 axb4 18. cxb4 Na6 19. b5 cxb5 20. axb5 Nb4 21. Qb3 Rxb5 22. Be2 R5b6 23. Qd1 dxe4 24. dxe4 Rd8 25. Qa4 Rdb8 26. Ba3 Qa2 27. Rb2 Qe6 28. Rfb1 Qd6 29. Nc4 Ra6 30. Rxb4 Rxb4 31. Qxb4 Rxa3 32. Nxd6 1-0

[Event "Slovakia Open 2022"]
[Site "Bratislava"]
[Date "2022.10.02"]
[Round "9.27"]
[White "Durovka, Stefan"]
[Black "Hlavac, Tomas"]
[Result "0-1"]
[ECO "E67"]
[WhiteElo "1783"]
[BlackElo "1554"]
[Annotator "NA RC COMBH"]
[PlyCount "110"]
[EventDate "2022.09.30"]
[EventCountry "SVK"]
[SourceTitle "playchess.com"]
[Source "ChessBase"]
[SourceQuality "1"]
[TimeControl "2700+10"]

1. Nf3 Nf6 2. c4 g6 3. Nc3 Bg7 4. d4 d6 5. g3 O-O 6. Bg2 c6 7. Bg5 Nbd7 8. O-O a6 9. a4 b6 10. Rb1 Bb7 11. Re1 Re8 12. e4 c5 13. dxc5 Nxc5 14. Nd5 Ncxe4 15. Be3 Nxd5 16. cxd5 Nf6 17. Qb3 Nxd5 18. Nd4 e6 19. Rbc1 Rc8 20. h4 Qd7 21. Kh2 Nxe3 22. Bxb7 Ng4+ 23. Kh3 Nxf2+ 24. Kg2 Qxb7+ 25. Kxf2 Bxd4+ 26. Ke2 Rxc1 27. Rxc1 Rc8 28. Rxc8+ Qxc8 29. Kd3 Qc5 30. g4 Bf2 31. h5 Qe3+ 32. Kc2 Qxb3+ 33. Kxb3 gxh5 34. gxh5 e5 35. Kc3 e4 36. Kd2 e3+ 37. Ke2 Kg7 38. b4 Kh6 39. b5 axb5 40. axb5 Kxh5 41. Kf3 Kg5 42. Kg2 Kg4 43. Kf1 d5 44. Ke2 h5 45. Kf1 Kh3 46. Ke2 Kg2 47. Kd3 h4 48. Kd4 e2+ 49. Kxd5 e1=Q 50. Kc6 Qe6+ 51. Kb7 h3 52. Ka6 h2 53. Kb7 h1=Q 54. Ka6 Qa1+ 55. Kb7 Qd7+ 0-1

[Event "Slovakia Open 2022"]
[Site "Bratislava"]
[Date "2022.10.02"]
[Round "9.28"]
[White "Tomcikova, Zuzana"]
[Black "Benci, Jozef"]
[Result "1-0"]
[ECO "A05"]
[WhiteElo "1796"]
[BlackElo "1873"]
[Annotator "NA RC COMBH"]
[PlyCount "111"]
[EventDate "2022.09.30"]
[EventCountry "SVK"]
[SourceTitle "playchess.com"]
[Source "ChessBase"]
[SourceQuality "1"]
[TimeControl "2700+10"]

1. Nf3 Nf6 2. g3 g6 3. Bg2 Bg7 4. O-O O-O 5. d3 d6 6. e4 c5 7. a4 Nc6 8. c3 Bd7 9. Nbd2 Rc8 10. Nc4 Qc7 11. Nh4 Be6 12. Nd2 Na5 13. f4 Qb6 14. Kh1 Nb3 15. Nxb3 Bxb3 16. Qe2 e6 17. a5 Qc7 18. Re1 c4 19. d4 d5 20. e5 Nd7 21. g4 Nb8 22. f5 Rfe8 23. fxe6 fxe6 24. Bg5 Rf8 25. Qd2 Nc6 26. Bh6 Bxh6 27. Qxh6 Qg7 28. Qxg7+ Kxg7 29. Kg1 Rf4 30. h3 Rcf8 31. Rf1 Rxf1+ 32. Bxf1 a6 33. Bg2 Bc2 34. Nf3 Be4 35. Ng5 Nd8 36. Bxe4 dxe4 37. Nxe4 Rf3 38. Nf2 Re3 39. Ra4 Re1+ 40. Kg2 Rb1 41. Rxc4 Rxb2 42. Rc7+ Nf7 43. Kg3 Kf8 44. Ne4 Rb5 45. Nd6 Nxd6 46. exd6 Rd5 47. Rxb7 Rxd6 48. Rxh7 Rd5 49. Rc7 Rxa5 50. Kf4 Rd5 51. Ke4 a5 52. Ra7 Rb5 53. c4 Rb4 54. Rxa5 Rxc4 55. Rc5 Ra4 56. Ke5 1-0

[Event "Slovakia Open 2022"]
[Site "Bratislava"]
[Date "2022.10.02"]
[Round "9.29"]
[White "Dubnicka, Ferdinand"]
[Black "Rehacek, Oldrich"]
[Result "0-1"]
[ECO "B00"]
[WhiteElo "1494"]
[BlackElo "1366"]
[Annotator "NA RC COMBH"]
[PlyCount "128"]
[EventDate "2022.09.30"]
[EventCountry "SVK"]
[SourceTitle "playchess.com"]
[Source "ChessBase"]
[SourceQuality "1"]
[TimeControl "2700+10"]

1. e4 b6 2. Nc3 Bb7 3. Nf3 e6 4. Bc4 Bb4 5. O-O Bxc3 6. dxc3 Bxe4 7. Re1 Nf6 8. Bg5 Bb7 9. Qd4 Bxf3 10. gxf3 Nc6 11. Qf4 h6 12. Bxf6 gxf6 13. Rad1 f5 14. Kh1 Ne7 15. Rg1 Ng6 16. Qd4 Ke7 17. f4 Nh4 18. Rg3 d5 19. Be2 Rg8 20. Rdg1 Rxg3 21. Rxg3 Qh8 22. Qb4+ c5 23. Qa4 c4 24. Qc6 Ng6 25. Qc7+ Kf6 26. Bh5 Qc8 27. Qd6 Qd8 28. Rxg6+ fxg6 29. Qe5+ Kf7 30. Bf3 Qb8 31. Qd4 Qh8 32. Qe3 Rg8 33. a4 Qg7 34. a5 Rb8 35. axb6 axb6 36. h4 Qf6 37. h5 Qh4+ 38. Kg2 gxh5 39. Qe5 Rg8+ 40. Kf1 Qh3+ 41. Ke2 Qh4 42. Qc7+ Qe7 43. Qxb6 Kg6 44. Qd4 h4 45. Qd1 h3 46. Qg1+ Kf7 47. Qh1 Qh4 48. Qa1 h2 49. Qa7+ Qe7 50. Bh5+ Kf8 51. Qb8+ Kg7 52. Qe5+ Kh7 53. Bf3 Rg1 54. Bxd5 h1=Q 55. Bxh1 Rxh1 56. Qd4 h5 57. Qxc4 h4 58. Qc6 Rg1 59. Qf3 Qg7 60. Qh5+ Qh6 61. Qf7+ Rg7 62. Qe8 h3 63. b4 h2 64. Qc6 h1=Q 0-1

[Event "Slovakia Open 2022"]
[Site "Bratislava"]
[Date "2022.10.02"]
[Round "9.30"]
[White "Hryshko Herman"]
[Black "Romanova, Ela"]
[Result "1-0"]
[ECO "D37"]
[WhiteElo "1000"]
[BlackElo "1580"]
[Annotator "NA RC COMBH"]
[PlyCount "109"]
[EventDate "2022.09.30"]
[EventCountry "SVK"]
[SourceTitle "playchess.com"]
[Source "ChessBase"]
[SourceQuality "1"]
[TimeControl "2700+10"]

1. d4 d5 2. c4 c6 3. Nc3 Nf6 4. Bf4 e6 5. c5 Nbd7 6. e3 Be7 7. Nf3 O-O 8. Bd3 b6 9. b4 a5 10. Qa4 Ba6 11. Bxa6 Rxa6 12. b5 cxb5 13. Qxb5 Qa8 14. c6 Rc8 15. c7 a4 16. a3 Ra5 17. Qb2 Nh5 18. Nb5 Nxf4 19. exf4 Qc6 20. Rb1 Rxb5 21. Qxb5 Qxb5 22. Rxb5 Rxc7 23. Kd2 Bxa3 24. Ra1 Bd6 25. Ne5 a3 26. g3 Nf6 27. f3 Rb7 28. Ng4 Ne8 29. Rb3 Be7 30. Ne5 Nd6 31. Nc6 Bf8 32. Kd3 Nc4 33. Ne5 Rc7 34. h4 f6 35. Ng4 Rb7 36. Ne3 b5 37. f5 Kf7 38. fxe6+ Kxe6 39. g4 Na5 40. Rbxa3 Bxa3 41. Rxa3 Nc4 42. Ra6+ Rb6 43. Ra7 b4 44. Nxc4 dxc4+ 45. Kxc4 b3 46. Ra1 b2 47. Rb1 g6 48. f4 h5 49. d5+ Kd6 50. f5 hxg4 51. fxg6 Ke7 52. h5 g3 53. h6 g2 54. h7 Rb8 55. g7 1-0

[Event "Slovakia Open 2022"]
[Site "Bratislava"]
[Date "2022.10.02"]
[Round "9.31"]
[White "Malaschitz, Teodor"]
[Black "Shykhnenko, Hryhorii"]
[Result "1-0"]
[ECO "C48"]
[WhiteElo "1448"]
[BlackElo "1317"]
[Annotator "NA RC COMBH"]
[PlyCount "85"]
[EventDate "2022.09.30"]
[EventCountry "SVK"]
[SourceTitle "playchess.com"]
[Source "ChessBase"]
[SourceQuality "1"]
[TimeControl "2700+10"]

1. e4 e5 2. Nf3 Nf6 3. Nc3 Nc6 4. Bb5 Nd4 5. Be2 Nc6 6. d3 d6 7. Bg5 Be7 8. O-O Bg4 9. h3 Bh5 10. Bxf6 Bxf6 11. Nd5 Bxf3 12. Bxf3 Nd4 13. c3 Nxf3+ 14. Qxf3 c6 15. Nxf6+ Qxf6 16. Qxf6 gxf6 17. Rad1 O-O-O 18. d4 c5 19. d5 Rhg8 20. Rd3 b5 21. Rf3 Rg6 22. b3 Rdg8 23. g3 Kc7 24. Kh2 h5 25. h4 Rh8 26. Re3 Kd7 27. Rb1 Rb8 28. Ree1 Rbg8 29. b4 c4 30. Ra1 a6 31. a4 Rc8 32. Re2 Rgg8 33. Rea2 Rc7 34. axb5 axb5 35. Ra7 Rgc8 36. Kh3 Ke7 37. f3 Kf8 38. R1a5 Rb8 39. g4 hxg4+ 40. fxg4 Rxa7 41. Rxa7 Kg7 42. h5 Rb6 43. Kh4 1-0

[Event "Slovakia Open 2022"]
[Site "Bratislava"]
[Date "2022.10.02"]
[Round "9.32"]
[White "Dolnik, Michal"]
[Black "Nikpour Aryabod"]
[Result "1/2-1/2"]
[ECO "B13"]
[WhiteElo "1485"]
[BlackElo "1000"]
[Annotator "NA COMBH"]
[PlyCount "98"]
[EventDate "2022.09.30"]
[EventCountry "SVK"]
[SourceTitle "playchess.com"]
[Source "ChessBase"]
[SourceQuality "1"]
[TimeControl "2700+10"]

1. e4 c6 2. d4 d5 3. exd5 cxd5 4. Nf3 Nc6 5. Bd3 Bg4 6. c3 Nf6 7. Nbd2 e6 8. h3 Bxf3 9. Nxf3 h6 10. Bf4 Bd6 11. Bxd6 Qxd6 12. Qe2 O-O 13. Ne5 Nd7 14. Nf3 Rfe8 15. O-O-O e5 16. dxe5 Ndxe5 17. Nxe5 f6 18. Qc2 fxe5 19. Be4 Qf6 20. Bxd5+ Kh8 21. Rhe1 Rac8 22. Re3 Nb4 23. Qe2 Nxd5 24. Rxd5 Qf4 25. Kb1 Rcd8 26. Rxd8 Rxd8 27. Rxe5 Rd1+ 28. Qxd1 Qxe5 29. Qd8+ Kh7 30. Qd3+ Kh8 31. Kc2 Qe8 32. b3 Qe7 33. Kb2 Qf6 34. Qf3 Qd6 35. Qe3 b6 36. f3 Qg3 37. Qe2 a5 38. c4 Qg6 39. g4 Qf6+ 40. Kb1 Qg6+ 41. Qe4 Qd6 42. Qe8+ Kh7 43. Qe4+ Kh8 44. Kc2 Qh2+ 45. Kc3 Qxa2 46. Qe8+ Kh7 47. Qa4 Qf2 48. Qc6 Qe3+ 49. Kc2 Qe2+ 1/2-1/2

[Event "Slovakia Open 2022"]
[Site "Bratislava"]
[Date "2022.10.02"]
[Round "9.33"]
[White "Rehacek, Jan"]
[Black "Nosal, Tobias"]
[Result "0-1"]
[ECO "D02"]
[WhiteElo "1342"]
[BlackElo "1601"]
[Annotator "NA RC COMBH"]
[PlyCount "21"]
[EventDate "2022.09.30"]
[EventCountry "SVK"]
[SourceTitle "playchess.com"]
[Source "ChessBase"]
[SourceQuality "1"]
[TimeControl "2700+10"]

1. d4 d5 2. Nf3 c5 3. Bf4 Nc6 4. e3 e6 5. Nc3 Bd6 6. Bxd6 Qxd6 7. Bb5 Nf6 8. Ne2 Bd7 9. c3 e5 10. dxe5 Nxe5 11. Bxd7+ 0-1

[Event "Slovakia Open 2022"]
[Site "Bratislava"]
[Date "2022.10.02"]
[Round "9.34"]
[White "Ruderfer, Mark B"]
[Black "Nedoba, Jakub"]
[Result "1-0"]
[ECO "B13"]
[WhiteElo "2236"]
[BlackElo "1160"]
[Annotator "TA"]
[PlyCount "46"]
[EventDate "2022.09.30"]
[EventCountry "SVK"]
[SourceTitle "playchess.com"]
[Source "ChessBase"]
[SourceQuality "1"]
[TimeControl "2700+10"]

1. e4 c6 2. d4 d5 3. exd5 cxd5 4. c4 Nf6 5. Nc3 Bg4 {[%emt 0:00:21] [#]} (5... Nc6 $11) 6. Nf3 {[%emt 0:00:25] B13: Caro-Kann: Exchange Variation and Panov-Botvinnik Attack.} (6. Qb3 $1 $16) 6... e6 7. Qb3 (7. cxd5 {feels hotter.} Nxd5 8. Qa4+ Nd7 9. Ne5) 7... dxc4 (7... Bxf3 $5 8. Qxb7 (8. gxf3 Nc6 $11) 8... Nbd7 $14) 8. Qxb7 {[%emt 0:00:41] The position is equal.} Bxf3 (8... Nbd7 $11 {remains equal.}) 9. Qxf3 $16 Nbd7 10. Bxc4 {[%emt 0:00:03] [#] White is more active.} Nb6 $146 (10... Be7 $16 {was necessary.}) ({Predecessor:} 10... Be7 11. O-O O-O 12. Rd1 Nb6 13. Bb3 Nfd5 14. Ne4 f5 15. Nc5 Qc8 16. Qe2 Re8 17. Qxe6+ {1-0 (39) Rako,I (2063)-Petrecz,G (1764) Hungary 2013}) 11. Bb5+ $18 Nbd7 12. Bg5 Be7 13. Bxf6 Bxf6 14. Bxd7+ Kxd7 15. O-O ({Not} 15. Qb7+ Qc7 16. Qf3 Rhd8 $14) 15... Ke7 16. Rfe1 {[%emt 0:01:05] Hoping for d5.} Qb6 $2 {[%emt 0:00:36] Loses the game.} (16... Re8 $16 17. d5 Kf8) 17. d5 $2 (17. Nd5+ Kf8 18. Nxb6) 17... Qxb2 $2 (17... Rad8 18. dxe6 fxe6 19. Nd5+ Rxd5) 18. d6+ Kxd6 19. Rad1+ ({Weaker is} 19. Rac1 Rhd8 $18) 19... Kc7 20. Na4 Qb4 21. Rc1+ Kd7 22. Red1+ Bd4 23. Rxd4+ Ke7 {[%emt 0:03:02] Weighted Error Value: White=0.58/Black=0.97} 1-0

[Event "Slovakia Open 2022"]
[Site "Bratislava"]
[Date "2022.10.02"]
[Round "9.35"]
[White "Merva Max"]
[Black "Kostic, Ivan"]
[Result "0-1"]
[ECO "C41"]
[WhiteElo "1000"]
[BlackElo "1716"]
[Annotator "NA RC COMBH"]
[PlyCount "48"]
[EventDate "2022.09.30"]
[EventCountry "SVK"]
[SourceTitle "playchess.com"]
[Source "ChessBase"]
[SourceQuality "1"]
[TimeControl "2700+10"]

1. e4 e5 2. Nf3 d6 3. Nc3 Nf6 4. d4 exd4 5. Nxd4 h6 6. Bd3 g6 7. Nf3 Nc6 8. Be3 Bg7 9. O-O O-O 10. Bb5 Bd7 11. Qd3 a6 12. Ba4 b5 13. Bb3 Nb4 14. Qe2 Qe8 15. Bd4 Nc6 16. Qd3 Nxd4 17. Qxd4 Bc6 18. Qe3 Nxe4 19. Nxe4 Bxe4 20. Nd2 Bb7 21. Be6 fxe6 22. Rfe1 e5 23. f4 Qc6 24. Qc3 Qxg2# 0-1